 Dungeon Crawl Stone Soup version 0.30-a0-760-g5a9884bb7c (webtiles) character file.

Game seed: 11085729429615566156

317 Leeroy the Slasher (level 6, -6/25 (30) HPs)
             Began as a Vine Stalker Warper on Feb 10, 2023.
             Was an Initiate of Wu Jian.
             Mangled by a hell rat (17 damage)
             ... in a sewer.
             The game lasted 00:02:54 (2153 turns).

Leeroy the Slasher (Vine Stalker Warper)            Turns: 2153, Time: 00:02:55

HP:   -6/25 (30)    AC:  3    Str: 14    XL:     6   Next: 44%
MP:   0/10          EV: 11    Int: 13    God:    Wu Jian [......]
Gold: 110           SH:  0    Dex: 15    Spells: 4/9 levels left

rFire   . . .      SeeInvis .    a - +0 falchion
rCold   . . .      Faith    .    (no shield)
rNeg    . . .      Spirit   +    b - +0 leather armour
rPois   .          Reflect  .    (no helmet)
rElec   .          Harm     .    (no cloak)
rCorr   .          Rampage  .    (no gloves)
Will    .....                    (no boots)
Stlth   +                        g - amulet of regeneration
HPRegen 1.84/turn                (no ring)
MPRegen 0.12/turn                (no ring)

@: heavily drained
A: fangs 2, regeneration 1, magic shield, antimagic bite, no potion heal 2
a: Renounce Religion


You were in a sewer.
You worshipped Wu Jian.
Wu Jian was noncommittal.
You visited 1 branch of the dungeon, and saw 3 of its levels.
You also visited: Sewer.

You collected 110 gold pieces.

Inventory:

Hand Weapons
 a - a +0 falchion (weapon)
Missiles
 d - 5 boomerangs of dispersal (quivered)
 v - 7 stones
Armour
 b - a +0 leather armour (worn)
 x - a +0 plate armour
Jewellery
 g - an amulet of regeneration (around neck)
Scrolls
 c - a scroll of blinking
 e - 2 scrolls of fear {unknown}
 f - a scroll of teleportation {unknown}
 k - 2 scrolls of identify {unknown}
 m - 2 scrolls of amnesia {unknown}
 o - a scroll of enchant armour {unknown}
 p - a scroll of fog {unknown}
 q - a scroll of silence {unknown}
 s - a scroll of vulnerability {unknown}
 w - a scroll of enchant weapon {unknown}
Potions
 h - a potion of invisibility {unknown}
 i - a potion of magic {unknown}
 j - a potion of attraction {unknown}
 l - a potion of resistance {unknown}
 n - a potion of heal wounds {unknown}
 r - a potion of flight {unknown}
 t - a potion of ambrosia {unknown}
 u - a potion of might {unknown}


   Skills:
 - Level 1.7 Fighting
 + Level 6.0 Long Blades
 - Level 0.8 Throwing
 - Level 0.7 Armour
 - Level 1.5 Dodging
 - Level 2.1 Spellcasting
 - Level 3.0 Translocations
 + Level 0.1 Air Magic


You had 4 spell levels left.
You knew the following spells:

 Your Spells              Type           Power      Damage    Failure   Level
a - Blink                 Tloc           18%        N/A       14%         2
b - Vhi's Electric Charg  Tloc/Air       10%        N/A       45%         3

Your spell library contained the following spells:

 Spells                   Type           Power      Damage    Failure   Level
 Lesser Beckoning         Tloc           18%        N/A       14%         2
 Teleport Other           Tloc           9%         N/A       28%         3
 Cigotuvi's Dreadful Rot  Necr/Pois/Air  2%         N/A       43%         2
 Manifold Assault         Tloc           9%         N/A       67%         4
 Dispel Undead            Necr           1%         3d6       97%         4
 Death Channel            Necr           0%         N/A       100%        6


Dungeon Overview and Level Annotations

Branches:
Dungeon (3/15)              Sewer (1/1)

Altars:
Ashenzari
Wu Jian
Yredelemnul

Annotations:
D:2 1 runed translucent door, Crazy Yiuf


Innate Abilities, Weirdness & Mutations

You have extremely sharp teeth.
Your natural rate of healing is unusually fast.
When hurt, damage is shared between your health and your magic reserves.
Your bite disrupts and absorbs the magic of your enemies.
Potions cannot restore your health.


Message History

The hell rat completely misses you. The rat barely misses you.
The hell rat bites you!
You feel drained.
You hit the rat but do no damage. You bite the rat.
You kill the rat!
The Council accepts your kill. The hell rat bites you!
* * * LOW HITPOINT WARNING * * *
You feel drained.
* * * LOW HITPOINT WARNING * * *
Blink to where?
Press: ? - help, Dir - move target Splash!
You fall into the shallow water.
Moving in this stuff is going to be slow.
As you read the scroll of blinking, it crumbles to dust.
You aren't carrying any items that you can evoke.
Unknown command.
Throw: 7 boomerangs (disperse)
Press: ? - help, Q - select action, (/) - cycle Shift-Dir - straight line, f - hell rat
Aim: a hell rat (heavily wounded, 57% to hit)
You throw a boomerang of dispersal.
The boomerang of dispersal barely misses the hell rat.
You hit the hell rat but do no damage.
You bite the hell rat, but do no damage.
The hell rat is heavily wounded.
The hell rat bites you but does no damage.
Throw: 6 boomerangs (disperse)
Press: ? - help, Q - select action, (/) - cycle Shift-Dir - straight line, f/p - hell rat
Aim: a hell rat (heavily wounded, 57% to hit)
You throw a boomerang of dispersal.
The boomerang of dispersal barely misses the hell rat.
The hell rat bites you but does no damage.
The hell rat bites you!!
Ouch! That really hurt!
You closely miss the hell rat.
You bite the hell rat, but do no damage.
The hell rat is heavily wounded.
The hell rat bites you!
Ouch! That really hurt!
You die...

#..~#~~~ ~~.#
#..##!~~##~~#
#.~#)?~~~#.~#
#∩∩#∩?~~~§~~#
#~.#?!~~.#r~#
#.~##?~~##~~#
#.~~#~~.#...#
##††##.##..##
#.@r###~.~#
##~~.r~.~##
#~~~....#
###.~~###
#####


You could see a hell rat and a rat.

Vanquished Creatures
  Sigmund (D:3)
  Natasha (thrice) (D:2)
  3 river rats (Sewer)
  3 worms
  2 dart slugs
  4 bats
  5 endoplasms (D:1)
  5 giant cockroaches
  4 goblins
  5 hobgoblins
  3 kobolds
  A quokka (D:1)
  5 ball pythons
  4 frilled lizards
  7 rats
55 creatures vanquished.

Notes
Turn   | Place    | Note
-------+----------+-------------------------------------------
     0 | D:1      | Leeroy the Vine Stalker Warper began the quest for the Orb.
     0 | D:1      | Reached XP level 1. HP: 11/11 MP: 4/4
   113 | D:1      | Reached skill level 2 in Long Blades
   208 | D:1      | Reached XP level 2. HP: 15/15 MP: 6/6
   553 | D:1      | Reached skill level 3 in Long Blades
   562 | D:1      | Found a faded altar of an unknown god.
   587 | D:1      | Reached XP level 3. HP: 16/18 MP: 5/7
  1026 | D:2      | Noticed Natasha
  1031 | D:2      | Killed Natasha
  1032 | D:2      | Gained mutation: Your natural rate of healing is unusually
                  | fast. [Vine Stalker growth]
  1032 | D:2      | Reached XP level 4. HP: 20/23 MP: 5/8
  1210 | D:2      | Noticed Natasha
  1216 | D:2      | Killed Natasha
  1217 | D:2      | Reached skill level 4 in Long Blades
  1266 | D:2      | Found a runed translucent door.
  1267 | D:2      | Noticed Crazy Yiuf
  1323 | D:2      | Learned a level 2 spell: Blink
  1327 | D:2      | Learned a level 3 spell: Vhi's Electric Charge
  1424 | D:2      | Noticed Natasha
  1432 | D:2      | Killed Natasha
  1433 | D:2      | Reached XP level 5. HP: 26/26 MP: 9/9
  1739 | D:3      | Found a broken altar of Ashenzari.
  1739 | D:3      | Found a basalt altar of Yredelemnul.
  1810 | D:3      | Found an ornate altar of the Wu Jian Council.
  1899 | D:3      | Noticed Sigmund
  1915 | D:3      | Killed Sigmund
  1916 | D:3      | Reached skill level 5 in Long Blades
  1916 | D:3      | Reached XP level 6. HP: 30/30 MP: 10/10
  1948 | D:3      | Became a worshipper of the Wu Jian Council
  2047 | D:3      | Found a glowing drain.
  2059 | Sewer    | Entered a sewer
  2078 | Sewer    | Reached skill level 6 in Long Blades
  2153 | Sewer    | Mangled by a hell rat

Illustrated notes

Levels and vault maps discovered:
D:1:      nicolae_arrival_somewhat_less_tricky_arrival, layout_basic,
          chequers_ecumenical_altar_simple_redux, minmay_three_crescents
D:2:      layout_basic, uniq_crazy_yiuf_cottage, uniq_natasha
D:3:      layout_loops_ring, nicolae_wu_jian_wuxing_cycle,
          nicolae_overflow_hidden_temple, cheibrodos_sewer_entry_sluice,
          bh_walls_and_bars, uniq_sigmund, uniq_robin
Sewer:    sewer_hellmonk_bad_rat

Skill      XL: |  1  2  3  4  5  6 |
---------------+-------------------+-----
Long Blades    | 2 3 4 5 6 |  6.0
Fighting       | |  1.7
Throwing       | |  0.8
Armour         | |  0.7
Dodging        | |  1.5
Spellcasting   | |  2.1
Translocations | |  3.0
Air Magic      | |  0.1

Action                     |  1- 3 |  4- 6 || total
---------------------------+-------+-------++-------
  Melee: Falchion          |    75 |    88 ||   163
         Bite              |    26 |    30 ||    56
         Punch             |       |     2 ||     2
  Throw: Boomerang         |       |     2 ||     2
   Cast: Vhi's Electric Ch |       |     2 ||     2
Ability: Lunge             |       |     2 ||     2
    Use: Scroll            |       |     1 ||     1
   Stab: Distracted        |       |     1 ||     1
         Sleeping          |       |     1 ||     1
 Armour: Leather armour    |    20 |    17 ||    37
  Dodge: Dodged            |    45 |    54 ||    99

Table legend: (Time is in decaauts)
 A = Elapsed time spent in this place.
 B = Non-inter-level travel time spent in this place.
 C = Inter-level travel time spent in this place.
 D = Time resting spent in this place.
 E = Time spent auto-exploring this place.
 F = Levels seen in this place.
 G = Mean time per level.
                   A        B        C        D        E       F      G
               +--------+--------+--------+--------+--------+-----+--------+
         Total |   2175 |   2050 |    125 |      0 |   1639 |   4 |  543.8 |
       Dungeon |   2075 |   1950 |    125 |      0 |   1597 |   3 |  691.7 |
         Sewer |     99 |     99 |      0 |      0 |     42 |   1 |   99.0 |
               +--------+--------+--------+--------+--------+-----+--------+

Top non-repeatable levels by time:
     D:2: 908 daAuts
     D:1: 844 daAuts
     D:3: 322 daAuts
   Sewer: 99 daAuts
